 Dungeon Crawl Stone Soup version 0.30.0-29-ga12c61a403 (webtiles) character file.

Game seed: 18423045796525619329

86 Fodor the Covered (level 4, -6/41 HPs)
             Began as a Minotaur Fighter on June 12, 2023.
             Mangled by Edmund
             ... wielding a +2 flail of protection
              (10 damage)
             ... on level 4 of the Dungeon on June 13, 2023.
             The game lasted 00:08:51 (1382 turns).

Fodor the Covered (Minotaur Fighter)                Turns: 1382, Time: 00:08:52

Health: -6/41      AC:  9    Str: 20    XL:     4   Next: 26%
Magic:  3/3        EV:  8    Int:  5    God:
Gold:   91         SH:  5    Dex: 12    Spells: 3/3 levels left

rFire   . . .        a - +0 long sword
rCold   . . .        c - +0 buckler
rNeg    . . .        e - +0 chain mail
rPois   .            (helmet restricted)
rElec   .            (no cloak)
rCorr   .            (no gloves)
SInv    .            (no boots)
Will    .....        (no amulet) Stlth
                     (no ring)
HPRegen 0.26/turn    (no ring)
MPRegen 0.08/turn

%: no passive effects
@: no status effects
A: horns 2, retaliatory headbutt
a: no special abilities


You were on level 4 of the Dungeon.
You visited 1 branch of the dungeon, and saw 3 of its levels.

You collected 91 gold pieces.

Inventory:

Hand Weapons
 a - a +0 long sword (weapon)
Armour
 c - a +0 buckler (worn)
 e - a +0 chain mail (worn)
Scrolls
 b - a scroll of immolation {unknown}
 g - a scroll of poison {unknown}
 h - 3 scrolls of teleportation {unknown}
 i - a scroll of magic mapping {unknown}
 l - a scroll of silence {unknown}
 m - a scroll of brand weapon {unknown}
 n - a scroll of identify {unknown}
Potions
 d - a potion of might
 f - a potion of brilliance {unknown}
 j - 4 potions of curing {unknown}
 k - 2 potions of heal wounds {unknown}
 o - a potion of haste {unknown}


   Skills:
 + Level 4.6 Fighting
 + Level 3.1 Long Blades
 + Level 4.7 Armour
 + Level 0.4 Dodging
 + Level 4.0 Shields


You had 3 spell levels left.
You didn't know any spells.
Your spell library contained the following spells:

 Spells                   Type           Power      Damage    Failure   Level
 Sandblast                Erth           0%         2d4       99%         1
 Slow                     Hex            0%         N/A       99%         1
 Passwall                 Tmut/Erth      0%         N/A       100%        2
 Confusing Touch          Hex            0%         N/A       100%        3
 Stone Arrow              Conj/Erth      0%         3d7       100%        3
 Vampiric Draining        Necr           0%         2d6       100%        3


Dungeon Overview and Level Annotations

Branches:
Dungeon (2/15)

Altars:

Annotations:
D:4 Edmund


Innate Abilities, Weirdness & Mutations

You have a pair of horns on your head.
You reflexively headbutt those who attack you in melee.


Message History

You headbutt the goblin, but do no damage.
You slash the goblin!
You kill the goblin!
You see here a +0 club.
Found a stone staircase leading down.
Found a grey potion.
Found a stone staircase leading down.
o - a grey potion
Found a ring mail and a chain mail.
Edmund the Younger comes into view.
He is wielding a +2 flail of protection.
Edmund shouts!
You see here a +0 ring mail.
You see here a +0 chain mail.
You block Edmund's attack.
You closely miss Edmund.
Edmund hits you with a +2 flail of protection!
You hit Edmund.
Edmund is lightly wounded.
You block Edmund's attack.
You closely miss Edmund. You headbutt Edmund.
Edmund is lightly wounded.
Edmund barely misses you. x2; You furiously retaliate!
You headbutt Edmund! You hit Edmund. You headbutt Edmund, but do no damage.
Edmund is moderately wounded.
Edmund hits you with a +2 flail of protection!
You closely miss Edmund.
Edmund is moderately wounded.
Edmund hits you with a +2 flail of protection!
You closely miss Edmund.
Edmund is moderately wounded.
Edmund hits you with a +2 flail of protection!
* * * LOW HITPOINT WARNING * * *
You closely miss Edmund.
Edmund is moderately wounded.
Edmund hits you with a +2 flail of protection.
* * * LOW HITPOINT WARNING * * *
Edmund barely misses you.
You hit Edmund.
Edmund is moderately wounded.
Edmund hits you with a +2 flail of protection!
You die...

#.##.......#
#.......####
####.####
#.# ##.##
#.[.# #...#
#.[.# ##@##
#@# #.# ...
..# #..#
#... #.##


You could see Edmund.

Vanquished Creatures
  Natasha (D:2)
  2 adders (D:2)
  A dart slug (D:1)
  An orc (D:4)
  5 endoplasms
  A giant cockroach (D:1)
  6 goblins
  5 hobgoblins
  3 jackals (D:1)
  3 kobolds
  A quokka (D:2)
  3 ball pythons
  2 bats
  A frilled lizard (D:2)
  2 rats (D:1)
37 creatures vanquished.

Notes
Turn   | Place    | Note
-------+----------+-------------------------------------------
     0 | D:1      | Fodor the Minotaur Fighter began the quest for the Orb.
     0 | D:1      | Reached XP level 1. HP: 19/19 MP: 0/0
   383 | D:1      | Reached XP level 2. HP: 25/27 MP: 1/1
   587 | D:2      | Reached XP level 3. HP: 32/33 MP: 2/2
   822 | D:2      | Noticed Natasha
   835 | D:2      | Killed Natasha
   978 | D:2      | Reached XP level 4. HP: 40/41 MP: 3/3
  1244 | D:2      | You fall into a shaft and drop 2 floors!
  1371 | D:4      | Noticed Edmund
  1382 | D:4      | Mangled by Edmund

Illustrated notes

Levels and vault maps discovered:
D:1:      amcnicky_arrival_abandoned_market, layout_rooms
D:2:      layout_loops_ring, minmay_octomino_e4, uniq_natasha
D:4:      layout_loops_cross, tgw_trog, mainiacjoe_overflow_cross_hatched,
          minmay_mini_jars, uniq_edmund, uniq_menkaure

Skill      XL: |  1  2  3 |
---------------+----------+-----
Armour         | 4 |  4.7
Fighting       | 4 |  4.6
Long Blades    | 3 |  3.1
Shields        | 4 |  4.0
Dodging        | |  0.4

Action                     |  1- 3 |  4- 6 || total
---------------------------+-------+-------++-------
  Melee: Long sword        |    65 |    40 ||   105
         Headbutt          |     8 |     5 ||    13
 Armour: Chain mail        |    53 |    20 ||    73
  Dodge: Dodged            |    18 |    15 ||    33
  Block: Buckler           |    17 |    12 ||    29
